Map: Temple gelé

Players

zidar

  • Race: Zerg Zerg
  • League: Platinum
  • Spawn Location: 5:00

Nerdmigo - Winner!

  • Race: Terran Terran
  • League: Gold
  • Spawn Location: 11:00

VOD

Have the link to the VOD?

Description

Time

  • Played on: Nov. 3, 2016, 3:23 p.m.
  • Length: 19:53
Show
View Real Time Build Order
Export as new Build Order

zidar Zerg 

Build Orders: Hatch First 

Get SALT Encoding   

  12  0:02  Drone  
  13  0:12  Overlord  
  13  0:17  Drone  
  14  0:31  Drone x2  
  16  0:52  Hatchery  
  16  0:55  Drone  
  16  0:59  Extractor  
  16  1:02  Drone  
  16  1:19  Spawning Pool  
  15  1:27  Drone x2  
  17  1:39  Drone x2  
  18  1:57  Drone  
  19  2:07  Queen  
  21  2:09  Queen  
  21  2:13  Zergling x4  
  25  2:17  Zergling x2  
  26  2:34  Overlord x2  
  26  2:57  Zergling x2  
  26  2:58  Zergling x8  
  31  3:03  Metabolic Boost  
  31  3:06  Baneling Nest  
  31  3:07  Pneumatized Carapace  
  30  3:27  Drone x5  
  35  3:55  Lair  
  35  3:59  Extractor  
  35  4:01  Extractor  
  33  4:03  Drone x3  
  33  4:04  Extractor  
  33  4:05  Drone  
  33  4:09  Overlord x2  
  36  4:10  Overlord  
  36  4:12  Baneling x3  
  36  4:15  Baneling  
  36  4:27  Drone x4  
  36  4:30  Drone  
  41  5:24  Drone x11  
  52  5:39  Evolution Chamber  
  52  5:41  Spire  
  50  5:44  Evolution Chamber  
  49  5:50  Spore Crawler  
  49  5:52  Spore Crawler  
  47  5:58  Drone x4  
  47  5:59  Drone  
  52  6:09  Overlord x5  
  50  6:25  Zergling x12  
  48  6:31  Centrifical Hooks  
  53  6:54  Zergling x12  
  58  7:02  Zerg Ground Armor Level 1  
  58  7:03  Zerg Melee Weapons Level 1  
  58  7:09  Drone  
  58  7:10  Drone  
  58  7:11  Drone x2  
  58  7:12  Infestation Pit  
  61  7:27  Drone x2  
  61  7:28  Hatchery  
  62  7:38  Corruptor x3  
  62  7:39  Corruptor  
  62  7:42  Baneling x5  
  70  7:45  Zergling x6  
  73  8:02  Hatchery  
  72  8:09  Zergling x16  
  80  8:13  Baneling x4  
  80  8:41  Zergling x24  
  66  9:03  Baneling x14  
  66  9:04  Baneling  
  66  9:06  Zergling x16  
  56  9:43  Zergling x18  
  56  9:44  Zergling x12  
  68  10:01  Zergling x16  
  68  10:02  Zergling x6  
  74  10:37  Baneling x12  
  74  10:40  Hive  
  74  10:46  Drone x17  
  91  10:57  Zerg Ground Armor Level 2  
  91  11:01  Zerg Melee Weapons Level 2  
  91  11:19  Extractor  
  91  11:20  Extractor  
  89  11:32  Queen  
  91  11:51  Drone x5  
  96  11:55  Overlord x7  
  96  12:00  Zerg Flyer Weapons Level 1  
  96  12:08  Overlord  
  96  12:14  Zergling x2  
  96  12:15  Zergling x32  
  113  12:18  Baneling x2  
  113  12:19  Baneling x6  
  113  12:23  Adrenal Glands  
  113  12:29  Ultralisk Cavern  
  112  12:54  Drone x3  
  112  12:56  Hatchery  
  114  12:58  Corruptor  
  114  12:59  Corruptor x4  
  114  13:03  Baneling x7  
  124  13:21  Chitinous Plating  
  124  13:24  Zerg Melee Weapons Level 3, Zerg Ground Armor Level 3  
  124  13:29  Zergling x2  
  124  13:30  Zergling x12  
  131  13:52  Overseer  
  124  14:36  Ultralisk x2  
  124  14:37  Ultralisk x3  
  154  14:44  Overlord x4  
  154  14:45  Overlord  
  109  15:15  Ultralisk x2  
  114  16:25  Hatchery  
  87  16:37  Hatchery  
  82  16:56  Ultralisk  
  82  17:01  Hatchery  
  81  17:49  Ultralisk  
  87  17:53  Corruptor x2  
  91  18:18  Queen  
  91  18:19  Extractor  
  72  18:47  Ultralisk x2  
  72  18:48  Ultralisk  
  85  19:03  Ultralisk  
Show
View Real Time Build Order
Export as new Build Order

Nerdmigo Terran - Winner!

Build Orders: Mech 

Get SALT Encoding   

  12  0:01  SCV  
  13  0:13  SCV  
  14  0:18  Supply Depot  
  14  0:25  SCV  
  15  0:30  Refinery  
  15  0:42  Barracks  
  15  0:46  SCV  
  16  0:58  SCV  
  17  1:11  SCV  
  18  1:23  SCV  
  19  1:28  Marine  
  19  1:30  Supply Depot  
  20  1:35  Orbital Command  
  20  1:46  Marine, Factory  
  22  2:01  SCV  
  22  2:04  Marine  
  22  2:05  Refinery  
  23  2:13  SCV  
  24  2:22  Marine  
  25  2:25  SCV  
  26  2:36  Armory  
  26  2:50  SCV  
  27  2:51  Command Center  
  27  2:54  Barracks Reactor  
  27  2:55  Factory Tech Lab  
  27  3:03  Factory Reactor  
  27  3:05  SCV  
  28  3:17  SCV  
  29  3:29  Factory  
  29  3:31  Marine x2  
  31  3:37  Supply Depot  
  31  3:38  Supply Depot  
  31  3:59  Marine x2, SCV, Hellion x2  
  38  4:04  Orbital Command  
  38  4:11  SCV  
  38  4:12  Factory Tech Lab  
  38  4:15  Starport  
  39  4:27  Bunker  
  39  4:29  Supply Depot  
  39  4:35  Hellion  
  39  4:38  Supply Depot  
  41  4:43  Hellion  
  43  4:46  Terran Vehicle Weapons Level 1  
  43  4:48  Marine  
  43  4:49  Orbital Command  
  46  5:00  Hellion  
  46  5:07  Widow Mine, Infernal Pre-Igniter  
  48  5:10  Starport Reactor  
  48  5:13  SCV  
  48  5:19  SCV  
  49  5:24  Supply Depot  
  49  5:41  SCV x2  
  51  5:44  Supply Depot  
  51  5:45  Hellion  
  51  5:47  Siege Tank  
  56  5:53  SCV x2  
  56  5:55  Refinery  
  56  5:56  Medivac  
  56  5:57  Refinery  
  60  6:02  Hellion  
  60  6:25  Marine  
  60  6:27  Siege Tank  
  60  6:29  SCV  
  60  6:30  SCV  
  68  6:34  Widow Mine  
  68  6:35  Factory  
  68  6:42  SCV x2  
  70  6:47  Command Center  
  70  6:54  SCV x2  
  71  6:59  Supply Depot  
  71  7:00  Hellion  
  71  7:01  Hellion x2  
  78  7:03  Terran Vehicle And Ship Armor Level 1  
  78  7:06  SCV  
  79  7:10  Viking, Medivac  
  79  7:15  SCV  
  84  7:17  Supply Depot  
  84  7:18  SCV  
  84  7:20  Factory Tech Lab  
  84  7:22  Supply Depot  
  85  7:27  SCV  
  86  7:35  Liberator  
  86  7:37  Marine  
  86  7:39  Siege Tank x2, Hellion x2  
  97  7:46  SCV  
  98  7:53  Liberator  
  98  7:56  Supply Depot  
  98  7:57  SCV  
  98  7:58  SCV  
  103  8:00  Hellion  
  105  8:09  Marine  
  105  8:11  Marine  
  110  8:18  Orbital Command  
  110  8:27  Marine  
  110  8:33  Refinery  
  111  8:38  Marine  
  111  8:39  Refinery  
  111  8:40  Siege Tank  
  94  8:42  Thor  
  94  8:45  Marine  
  97  8:48  Liberator  
  97  8:56  Marine  
  98  9:03  Marine  
  98  9:08  SCV x2  
  104  9:12  Siege Tank  
  104  9:14  Marine  
  108  9:21  Marine  
  108  9:22  Hellion x2  
  113  9:24  SCV x2  
  113  9:25  Hellion  
  113  9:29  Terran Vehicle Weapons Level 2  
  117  9:32  Marine  
  117  9:34  Supply Depot  
  117  9:36  Liberator  
  97  9:38  Marine  
  97  9:44  Hellion  
  93  9:49  Marine  
  94  9:53  Medivac  
  94  9:55  Hellion x3  
  94  9:56  Marine  
  106  10:03  SCV x2  
  106  10:05  Hellion  
  106  10:07  Marine, Factory, Liberator  
  103  10:19  Hellion x2  
  102  10:25  SCV x2  
  102  10:26  Hellion  
  109  10:35  Marine  
  106  10:40  SCV x2, Hellion  
  106  10:41  Factory  
  111  10:46  SCV  
  111  10:49  Viking  
  114  10:52  SCV  
  114  10:56  Command Center  
  115  10:57  SCV  
  115  10:58  Liberator, Starport  
  115  10:59  SCV  
  115  11:04  SCV  
  118  11:06  Factory Tech Lab  
  118  11:10  SCV, Starport  
  118  11:11  SCV  
  120  11:13  Hellion x2  
  120  11:14  Hellion  
  120  11:17  Hellion  
  131  11:26  Siege Tank  
  131  11:30  Factory Reactor  
  131  11:31  SCV x2  
  136  11:34  Command Center, Hellion  
  136  11:35  Hellion x2  
  136  11:38  Hellion  
  136  11:39  Armory  
  144  11:43  Mag-Field Accelerator  
  144  11:46  Starport Tech Lab  
  144  11:51  Starport Reactor  
  144  11:53  Supply Depot  
  144  11:54  Supply Depot  
  144  11:55  Supply Depot  
  144  12:07  Thor  
  150  12:09  Hellion x4  
  150  12:10  Hellion  
  160  12:23  Marine x2  
  160  12:24  Siege Tank  
  165  12:30  Liberator  
  165  12:35  Orbital Command  
  165  12:37  Supply Depot  
  165  12:38  Terran Vehicle And Ship Armor Level 2  
  165  12:39  Refinery  
  165  12:40  Refinery, SCV x3  
  171  12:52  Orbital Command  
  171  12:53  SCV x2  
  173  13:00  Hellion x2  
  173  13:01  Hellion x5  
  187  13:08  SCV  
  188  13:18  Liberator  
  188  13:19  Engineering Bay  
  188  13:20  Engineering Bay  
  188  13:26  Orbital Command  
  188  13:29  Fusion Core  
  188  13:37  Hellion x4  
  199  13:43  Marine  
  200  13:55  Drilling Claws  
  200  14:03  Missile Turret x2  
  200  14:04  Missile Turret  
  200  14:06  Missile Turret  
  200  14:08  Missile Turret x2  
  200  14:13  Missile Turret  
  200  14:15  Missile Turret  
  200  14:16  Missile Turret  
  200  14:17  Terran Vehicle Weapons Level 3, Missile Turret x4  
  200  14:18  Missile Turret x3  
  200  14:37  Hellion x9  
  200  14:38  Hellion x2  
  183  15:02  Marine x2  
  183  15:04  Thor x3  
  154  15:15  Hellion x2  
  154  15:16  Hellion x2  
  154  15:20  Marine x2  
  164  15:30  Terran Vehicle And Ship Armor Level 3  
  154  15:37  Hellion x3  
  154  15:38  Marine x2  
  143  15:47  Thor, Siege Tank x2  
  138  15:55  Marine, Orbital Command  
  138  15:56  Marine  
  136  16:03  Viking x2  
  136  16:04  Viking x2  
  144  16:13  Marine x2  
  146  16:19  Siege Tank  
  146  16:23  Advanced Ballistics  
  137  16:39  Siege Tank x2  
  143  16:42  Hellion x4  
  143  16:43  SCV x2  
  143  16:45  Command Center  
  153  16:52  Hellion  
  155  16:54  Command Center  
  155  16:56  Viking  
  157  17:02  Factory  
  157  17:03  Hellion x4  
  165  17:11  Hellion, Siege Tank  
  170  17:16  Terran Ship Weapons Level 1  
  170  17:19  Hellion  
  171  17:24  Viking x3, Hellion  
  171  17:25  Hellion  
  171  17:26  Hellion x2  
  184  17:33  Hellion  
  185  17:41  Marine x2  
  185  17:42  Liberator x3  
  186  17:56  Command Center  
  186  17:59  Marine, Refinery  
  186  18:03  Marine  
  197  18:17  Marine  
  198  18:20  Marine  
  199  18:34  Marine  
  199  18:37  Factory Reactor, Starport  
  199  18:39  Barracks  
  199  18:40  Supply Depot  
  200  19:14  Starport Reactor  
  200  19:18  Starport  
Tags
 
Composition
Mech
Matchup
TvZ
Spawn Locations
Cross Positions
Add a new tag
Caveats
  • Supply blocks, unpowered buildings, or Contaminate may cause inaccurate times.
  • Supply counts are checked every 10 seconds.